 Dungeon Crawl Stone Soup version 0.29.0-10-g45618ea6d2 (webtiles) character file.

Game seed: 8531511819802573114

47 sanka the Insei (level 3, -2/31 HPs)
             Began as a Draconian Monk on Sept 1, 2022.
             Killed from afar by Natasha (8 damage)
             ... with a magic dart
             ... on level 2 of the Dungeon.
             The game lasted 00:01:23 (1501 turns).

sanka the Insei (Draconian Monk)                    Turns: 1501, Time: 00:01:24

Health: -2/31      AC:  5    Str: 13    XL:     3   Next: 48%
Magic:  12/12      EV: 12    Int: 12    God:
Gold:   122        SH:  0    Dex: 13    Spells: 2/2 levels left

rFire   . . .      SeeInvis .     - Unarmed
rCold   . . .      Faith    .   (no shield)
rNeg    . . .      Spirit   .   (body armour unavailable)
rPois   .          Reflect  .   (helmet restricted)
rElec   .          Harm     .   (no cloak)
rCorr   .          Rampage  .   (no gloves)
Will    .....                   (no boots)
Stlth   ++........              (no amulet)
HPRegen 0.10/turn               (no ring)
MPRegen 0.13/turn               h - ring of magical power

@: no status effects
A: AC +5, unfitting armour, cold-blooded
a: no special abilities


You were on level 2 of the Dungeon.
You visited 1 branch of the dungeon, and saw 2 of its levels.

You collected 122 gold pieces.


Innate Abilities, Weirdness & Mutations

Your plain brown scales are hard. (AC +5)
You cannot fit into any form of body armour.
You are cold-blooded and may be slowed by cold attacks.


   Skills:
 - Level 3.2 Fighting
 - Level 2.6 Dodging
 - Level 1.7 Stealth
 + Level 4.5 Unarmed Combat


You had 2 spell levels left.
You didn't know any spells.
Your spell library contained the following spells:

 Spells                   Type           Power      Damage    Failure   Level
 Apportation              Tloc           0%         N/A       32%         1
 Necrotise                Necr           0%         1d4       32%         1
 Summon Small Mammal      Summ           0%         N/A       32%         1
 Gell's Gravitas          Tloc           0%         N/A       69%         3
 Lesser Beckoning         Tloc           0%         N/A       69%         3
 Teleport Other           Tloc           0%         N/A       69%         3

Inventory:

Jewellery
 h - a ring of magical power (right hand)
Scrolls
 d - a scroll of magic mapping {unknown}
 g - a scroll of teleportation {unknown}
 i - a scroll of noise {unknown}
 k - a scroll of blinking {unknown}
 m - a scroll of butterflies {unknown}
Potions
 a - a potion of ambrosia
 b - a potion of curing {unknown}
 c - a potion of brilliance {unknown}
 e - a potion of mutation {unknown}
 f - a potion of cancellation {unknown}
 j - 4 potions of might {unknown}
 l - a potion of heal wounds {unknown}

Dungeon Overview and Level Annotations

Branches:
Dungeon (2/15)

Altars:

Annotations:
D:2 Natasha

..▒▒▒▒▒▒▒▒▒
..'.......▒ ▒▒.
†.▒▒▒▒▒▒▒.▒ ...
..▒ ▒.▒ ▒.▒ ..▒▒
▒.▒ ..▒ ...▒ ▒.▒
▒.▒ ...▒ ▒.▒ ▒.▒
...▒ ▒.▒ ▒h▒ ...▒
▒.▒ ▒d▒ ...▒ ▒.▒
▒.▒ ...▒ ▒.▒ ▒>▒
...▒ ▒.▒ ▒.▒ ...▒
▒.▒ ▒<▒ ...▒ ▒.▒
▒.▒ ...▒
▒.▒▒▒▒▒▒(▒ ▒'▒▒
▒......▒.▒
▒.▒▒▒▒▒▒▒▒▒▒▒▒.▒.▒


You could see Natasha.


Message History

Natasha misses you.
You hit Natasha.
Natasha is moderately wounded.
Natasha misses you.
You hit Natasha.
Your tail-slap misses Natasha.
Natasha is severely wounded.
Natasha claws you.
* * * LOW HITPOINT WARNING * * *
You barely miss Natasha.
Natasha is severely wounded.
Natasha claws you.
* * * LOW HITPOINT WARNING * * *
You hit Natasha.
Your tail-slap misses Natasha.
Natasha is almost dead.
Natasha barely misses you.
You hit Natasha.
Natasha is almost dead.
Natasha claws you.
* * * LOW HITPOINT WARNING * * *
You barely miss Natasha.
Your tail-slap misses Natasha.
Natasha is almost dead.
Natasha barely misses you.
You closely miss Natasha.
Natasha is almost dead.
Natasha stares at you and mumbles some strange words.
The magic dart hits you!
You die...

Action                   || total
-------------------------++-------
Melee: Unarmed           ||   109
       Tailslap          ||    12
       Punch             ||     1
 Stab: Sleeping          ||     2
Armor: Skin              ||    23
Dodge: Dodged            ||    63

Levels and vault maps discovered:
D:1:      onia_arrival_mini_spirals, layout_loops_cross
D:2:      layout_basic, uniq_natasha

Notes
Turn   | Place    | Note
-------+----------+-------------------------------------------
     0 | D:1      | sanka the Draconian Monk began the quest for the Orb.
     0 | D:1      | Reached XP level 1. HP: 19/19 MP: 1/1
   390 | D:1      | Reached XP level 2. HP: 18/26 MP: 2/2
   804 | D:1      | Reached skill level 4 in Unarmed Combat
  1176 | D:2      | Reached XP level 3. HP: 28/31 MP: 3/3
  1484 | D:2      | Noticed Natasha
  1501 | D:2      | Killed from afar by Natasha

Vanquished Creatures
  An adder (D:2)
  A worm (D:2)
  3 dart slugs
  A bat (D:1)
  4 endoplasms (D:1)
  2 giant cockroaches (D:1)
  A goblin (D:1)
  A hobgoblin (D:2)
  3 quokkas (D:1)
  3 ball pythons
  2 frilled lizards
  4 kobolds
  2 rats (D:1)
28 creatures vanquished.
